 Dungeon Crawl Stone Soup version 0.24-a0-420-g24607be9ce (webtiles) character file.

Game seed: 9735555464962666635

7329 Ijustatesigmund the Basher (level 11, -13/78 HPs)
             Began as an Octopode Fighter on June 7, 2019.
             Was a Believer of Cheibriados.
             Mangled by a death yak (25 damage)
             ... on level 9 of the Dungeon on June 11, 2019.
             The game lasted 00:20:46 (7871 turns).

Ijustatesigmund the Basher (Octopode Fighter)       Turns: 7871, Time: 00:20:48

Health: -13/78     AC:  1    Str: 25    XL:     11   Next: 13%
Magic:  20/25      EV: 22    Int: 16    God:    Cheibriados [**....]
Gold:   178        SH: 14    Dex: 25    Spells: 10/10 levels left

rFire    + . .     SeeInvis .   a - +3 morningstar
rCold    + . .     Gourm    .   b - +2 shield of Knowledge {-Cast MP+9 Str+2}
rNeg     . . .     Faith    .   (helmet restricted)
rPois    .         Spirit   .   r - amulet of regeneration
rElec    .         Reflect  .   g - ring of protection from cold
rCorr    .         Harm     .   p - ring of protection from fire
MR       .....     NoCast   +   e - ring of stealth
Stlth    +++++++...             (no ring)
HPRegen  0.63/turn              (no ring)
MPRegen  0.19/turn              (no ring)
                                (no ring)
                                (no ring)

@: agile, very slow
A: almost no armour, stealthy swim, amphibious, 8 rings, constrict 8, camouflage
1, gelatinous body 1
a: Bend Time, Renounce Religion


You were on level 9 of the Dungeon.
You worshipped Cheibriados.
Cheibriados was pleased with you.
You were not hungry.

You visited 2 branches of the dungeon, and saw 11 of its levels.
You also visited: Sewer.

You collected 482 gold pieces.
You spent 304 gold pieces at shops.

Inventory:

Hand Weapons
 a - a +3 morningstar (weapon)
 t - the +5 dagger of Bloodstone {holy, Int+2}
   (You found it on level 6 of the Dungeon)

   It has been blessed by the Shining One to cause great damage to the undead
   and demons.
   It affects your intelligence (+2).
Armour
 b - the +2 shield of Knowledge (worn) {-Cast MP+9 Str+2}
   (You bought it in a shop on level 7 of the Dungeon)

   It affects your strength (+2).
   It affects your magic capacity (+9).
   It prevents spellcasting.
 v - a +0 shield
Jewellery
 e - a ring of stealth (on tentacle)
 g - a ring of protection from cold (left tentacle)
 p - a ring of protection from fire (right tentacle)
 r - an amulet of regeneration (around mantle)
Wands
 s - a wand of enslavement (2)
Scrolls
 i - 2 scrolls of remove curse
 k - a scroll of fog
 w - a scroll of magic mapping
Potions
 j - 2 potions of flight
 l - 4 potions of brilliance
 m - 2 potions of agility
 n - 2 potions of curing
 q - 3 potions of lignification {unknown}
 u - 2 potions of haste {unknown}
 z - a potion of ambrosia {unknown}
Comestibles
 c - 3 chunks of flesh
 d - 9 rations


   Skills:
 + Level 8.6 Fighting
 + Level 9.5 Maces & Flails
 - Level 6.4 Dodging
 + Level 6.9 Stealth
 - Level 6.4 Shields
 + Level 7.1 Invocations


You had 10 spell levels left.
You didn't know any spells.
Your spell library contained the following spells:

 Spells                   Type           Power        Failure   Level  Hunger
 Recall                   Summ/Tloc      N/A          92%         3    ####...
 Animate Dead             Necr           N/A          100%        4    #####..
 Borgnjor's Vile Clutch   Necr/Erth      #.........   100%        5    ######.
 Death Channel            Necr           #.........   100%        6    #######
 Simulacrum               Ice/Necr       #.........   100%        6    #######


Dungeon Overview and Level Annotations

Branches:
Dungeon (10/15)            Temple (1/1) D:7            Lair (0/6) D:9
    Orc: D:9-12

Altars:
Ashenzari
Cheibriados
Dithmenos
Elyvilon
Fedhas
Gozag
Hepliaklqana
Makhleb
Nemelex Xobeh
Okawaru
Ru
Sif Muna
Trog
Uskayaw
Wu Jian
Xom
Yredelemnul
Zin

Shops:
D:7 [   D:9 [


Innate Abilities, Weirdness & Mutations

You cannot wear most types of armour.
You are very stealthy in the water. (Stealth+)
You are amphibious.
You can wear up to eight rings at the same time.
You can use your tentacles to constrict eight enemies at once.
Your skin changes colour to match your surroundings (Stealth+).
Your rubbery body absorbs attacks. (AC +1, EV +1)


Message History

The death yak misses you. x2
You thump the death yak!
The death yak is heavily wounded.
You block the death yak's attack. The death yak gores you!!
You puncture the death yak!
The death yak is heavily wounded.
The death yak closely misses you. The death yak misses you.
You puncture the death yak!
The death yak is severely wounded.
The death yak gores you!! x2
* * * LOW HITPOINT WARNING * * *
Okay, then.
The flow of time bends around you.
Cheibriados rebukes the death yak.
The death yak seems to slow down.
Cheibriados rebukes the death yak.
The death yak seems to slow down.
You feel slightly more hungry.
You can no longer warp the flow of time around you.
The death yak misses you. The death yak gores you!!
You die...

#...................#.....#..[#
#...................#.....#...#
##..................#.....'...#
##..................#.....#...#
#.............#####'#.....#...#
#.............##....#.....#...#
#..............#....'.....#...#
##.............Y#....#.....#...#
.s............YY@....###########
P..............#####'##
P∩P......#######......#
P........#............#
....######...)........#
##....................#
......>...............#
......................# #######
......................# #.....#


You could see 3 death yaks.

Vanquished Creatures
  Harold (D:7)
  A two-headed ogre (D:9)
  Pikel (D:9)
  The ghost of Avack the Ruffian, a novice TrIE of Nemelex Xobeh (D:6)
  A troll (D:9)
  Prince Ribbit (D:7)
  2 hornets (D:9)
  2 hippogriffs
  Duvessa (D:7)
  A water moccasin (D:8)
  2 orc warriors
  A sky beast (D:7)
  A phantom (D:9)
  6 ice beasts
  4 slaves (D:9)
  A necrophage (D:6)
  A black bear (D:8)
  2 ogres
  7 centaurs
  A big kobold (D:8)
  4 bullfrogs
  5 scorpions
  Dowan (D:7)
  4 killer bees (D:7)
  2 crimson imps
  A centaur zombie (D:7)
  A bullfrog zombie (D:5)
  4 hounds
  3 jellies
  3 orc priests
  A centaur skeleton (D:9)
  4 orc wizards
  An iguana (D:6)
  5 hell rats
  3 worker ants
  A hound zombie (D:8)
  2 worker ant zombies (D:9)
  4 gnolls (D:6)
  5 adders
  A howler monkey skeleton (D:8)
  7 river rats
  A shadow imp (D:6)
  An adder zombie (D:7)
  An adder skeleton (D:6)
  4 worms
  3 dart slugs
  A leopard gecko (D:8)
  18 orcs
  10 ball pythons
  7 giant cockroaches
  7 goblins
  12 hobgoblins
  16 jackals
  5 quokkas
  5 bats
  7 frilled lizards
  27 kobolds
  A leopard gecko skeleton (D:4)
  28 rats
254 creatures vanquished.

Vanquished Creatures (collateral kills)
  A black bear (D:9)
1 creature vanquished.

Vanquished Creatures (others)
  A plant (D:9)
1 creature vanquished.

Grand Total: 256 creatures vanquished

Notes
Turn   | Place    | Note
-------+----------+-------------------------------------------
     0 | D:1      | Ijustatesigmund the Octopode Fighter began the quest for
                  | the Orb.
     0 | D:1      | Reached XP level 1. HP: 16/16 MP: 1/1
    64 | D:1      | Reached XP level 2. HP: 18/21 MP: 2/2
   358 | D:1      | Reached skill level 3 in Maces & Flails
   361 | D:1      | Reached XP level 3. HP: 26/26 MP: 3/3
   445 | D:1      | You fall into a shaft and drop 1 floor!
   979 | D:3      | Reached XP level 4. HP: 25/32 MP: 4/4
  1058 | D:3      | Found a glowing drain.
  1071 | D:3      | Reached skill level 4 in Maces & Flails
  1084 | Sewer    | Entered a sewer
  1185 | Sewer    | Reached XP level 5. HP: 24/37 MP: 5/5
  2130 | D:3      | Reached skill level 5 in Maces & Flails
  2586 | D:3      | Reached XP level 6. HP: 32/44 MP: 6/6
  3403 | D:5      | Entered Level 5 of the Dungeon
  3413 | D:5      | Noticed an ice beast
  3425 | D:5      | Killed an ice beast
  3425 | D:5      | Reached skill level 5 in Fighting
  3425 | D:5      | Reached skill level 6 in Maces & Flails
  3425 | D:5      | Reached XP level 7. HP: 49/50 MP: 7/7
  4178 | D:6      | Reached skill level 7 in Maces & Flails
  4178 | D:6      | Reached XP level 8. HP: 49/57 MP: 8/8
  4351 | D:6      | Found a blossoming altar of Fedhas.
  4376 | D:6      | Got a slimy dagger
  4377 | D:6      | Identified the +5 dagger of Bloodstone {holy, Int+2} (You
                  | found it on level 6 of the Dungeon)
  4509 | D:6      | Found a runed translucent door.
  4713 | D:6      | Noticed Avack's ghost (novice TrIE)
  4732 | D:6      | Killed Avack's ghost
  4732 | D:6      | Reached XP level 9. HP: 45/63 MP: 9/9
  4764 | D:7      | Noticed Duvessa
  4764 | D:7      | Noticed Dowan
  4766 | D:7      | Noticed Harold
  4767 | D:7      | Killed Dowan
  4767 | D:7      | Reached skill level 8 in Maces & Flails
  4767 | D:7      | Reached skill level 5 in Shields
  4774 | D:7      | Killed Duvessa
  4774 | D:7      | Reached skill level 5 in Dodging
  4780 | D:7      | Killed Harold
  4885 | D:7      | Noticed Prince Ribbit
  4906 | D:7      | Killed Prince Ribbit
  4977 | D:7      | Found a staircase to the Ecumenical Temple.
  4988 | Temple   | Entered the Ecumenical Temple
  5026 | Temple   | Became a worshipper of Cheibriados the Contemplative
  5170 | D:7      | Reached skill level 1 in Stealth
  5170 | D:7      | Reached skill level 1 in Invocations
  5379 | D:7      | You fall into a shaft and drop 2 floors!
  5379 | D:9      | Found a staircase to the Lair.
  5379 | D:9      | Noticed Pikel
  5379 | D:9      | Noticed a death yak
  5380 | D:9      | Noticed a death yak
  5380 | D:9      | Noticed a death yak
  5418 | D:9      | Reached XP level 10. HP: 71/71 MP: 12/12
  5500 | D:9      | HP: 1/71 [troll (12)]
  5645 | D:10     | Entered Level 10 of the Dungeon
  5910 | D:9      | Found Jamoushe's Antique Armour Shop.
  6068 | D:8      | Found a shimmering altar of Xom.
  6104 | D:8      | Reached * piety under Cheibriados
  6104 | D:8      | Reached skill level 5 in Invocations
  6223 | D:7      | Reached skill level 5 in Stealth
  6303 | D:7      | Found Nupteut's Antique Armour Shoppe.
  6319 | D:7      | Bought a heavily runed shield for 304 gold pieces
  6324 | D:7      | Identified the +2 shield of Knowledge {-Cast MP+9 Str+2}
                  | (You bought it in a shop on level 7 of the Dungeon)
  6869 | D:8      | Reached ** piety under Cheibriados
  6908 | D:8      | Found an opulent altar of Gozag.
  6911 | D:8      | Found a sparkling altar of Nemelex Xobeh.
  6917 | D:8      | Found a shadowy altar of Dithmenos.
  6919 | D:8      | Found a basalt altar of Yredelemnul.
  6919 | D:8      | Found a burning altar of Makhleb.
  6920 | D:8      | Found a hazy altar of Hepliaklqana.
  6932 | D:8      | Reached skill level 9 in Maces & Flails
  7114 | D:8      | Upgraded the game from 0.24-a0-415-g6d73c25c48 to
                  | 0.24-a0-420-g24607be9ce
  7381 | D:9      | Noticed a two-headed ogre
  7394 | D:9      | Killed a two-headed ogre
  7477 | D:9      | Killed Pikel
  7477 | D:9      | Reached XP level 11. HP: 74/78 MP: 16/16
  7758 | D:9      | Reached *** piety under Cheibriados
  7871 | D:9      | Mangled by a death yak

Levels and vault maps discovered:
D:1:      psy_arrival_terrarium, layout_rooms
D:2:      layout_rooms, minmay_pentomino_x2
D:3:      layout_rooms, portal_sewer_entry_c
D:4:      layout_basic, first_ration
D:5:      layout_loops_ring
D:6:      layout_rooms, lemuel_doored_altar, ebering_ghost_sewer_d
D:7:      layout_loops_corners, temple_pool_b, serial_shops, shop_statue,
          uniq_prince_ribbit1, uniq_harold, uniq_duvessa
D:8:      layout_basic, grunt_temple_overflow_open, basic_altar,
          kennysheep_opposing_triangles
D:9:      layout_gridville, dpeg_lair_monsters, serial_shops,
          nicolae_shop_overgrown_old_shop, hangedman_pestilent_swarm,
          hangedman_abyss_or_decor_lesser_grid, uniq_pikel
D:10:     hangedman_cross_stitches, layout_basic, minivault_10
Temple:   regret_index_temple_waves

Skill      XL: |  1  2  3  4  5  6  7  8  9 10 11 |
---------------+----------------------------------+-----
Maces & Flails | 3 4 5 6 7 8 9 |  9.5
Fighting       | 4 5 6 7 8 |  8.6
Shields        | 4 6 |  6.4
Dodging        | 4 6 |  6.4
Stealth        | 2 6 |  6.9
Invocations    | 3 6 7 |  7.1

Action                   |  1- 3 |  4- 6 |  7- 9 | 10-12 || total
-------------------------+-------+-------+-------+-------++-------
Melee: Flail             |    90 |   174 |    20 |       ||   284
       Constrict         |    33 |    50 |    27 |    34 ||   144
       Tentacles         |    17 |    31 |    36 |    53 ||   137
       Morningstar       |       |       |   116 |   168 ||   284
Invok: Bend Time         |       |       |       |     2 ||     2
Evoke: Wand              |       |       |     1 |     6 ||     7
  Use: Scroll            |     5 |     3 |     6 |     7 ||    21
       Potion            |       |     4 |     5 |     8 ||    17
 Stab: Sleeping          |     6 |     9 |     3 |    12 ||    30
  Eat: Ration            |       |     1 |     1 |     1 ||     3
       Chunk             |       |     5 |     4 |     3 ||    12
Armor: Skin              |    13 |    12 |     6 |     2 ||    33
Dodge: Dodged            |    51 |    93 |    75 |   111 ||   330
Block: Shield            |    53 |    86 |    55 |   142 ||   336

Table legend:
 A = Non-vault XP
 B = Vault XP
 C = Vault XP percentage of total XP
 D = Non-vault monster count
 E = Vault monster count
 F = Vault count percentage of total count
                 A         B        C        D         E       F
            +---------+---------+-------+---------+---------+-------
      Total |    6553 |    3918 |  37.4 |     176 |      75 |  29.9
            +---------+---------+-------+---------+---------+-------
        D:1 |      39 |       0 |   0.0 |      26 |       0 |   0.0
        D:2 |      34 |       2 |   5.6 |      18 |       1 |   5.3
        D:3 |      77 |      42 |  35.3 |      29 |       5 |  14.7
        D:4 |     250 |       0 |   0.0 |      14 |       0 |   0.0
        D:5 |     431 |       0 |   0.0 |      16 |       0 |   0.0
        D:6 |     713 |     723 |  50.3 |      16 |       3 |  15.8
        D:7 |    1436 |    1494 |  51.0 |      20 |       4 |  16.7
        D:8 |    1176 |     146 |  11.0 |      15 |       3 |  16.7
        D:9 |    2397 |    1346 |  36.0 |      22 |       9 |  29.0
       D:10 |       0 |      36 | 100.0 |       0 |       2 | 100.0
      Sewer |       0 |     129 | 100.0 |       0 |      48 | 100.0
            +---------+---------+-------+---------+---------+-------
